ORI
UNIVERSITY OF CONNETICUT HUSKIES @ LOUISIANA STATE UNIVERSITY TIGERS
11/14/2049
 
TOP OF THE 1ST
Louisiana State University Tigers batting - Pitching for Coastal Carolina University Chanticleers : LHP David Medina
Pitching: LHP David Medina
Batting: RHB Peter Turcotte 0-0: Called Strike
0-1: Ground out 6-3 (Groundball, 6, EV 91.9 MPH)
Batting: LHB Elijah Mallandain 0-0: Foul Ball, location: 2F
0-1: Swinging Strike
0-2: Ball
1-2: Ball
2-2: Foul Ball, location: 2F
2-2: Foul Ball, location: 2F
2-2: Foul Ball, location: 2F
2-2: Foul Ball, location: 2F
2-2: Ball
3-2: Foul Ball, location: 2F
3-2: Strikes out swinging
Batting: RHB Leo Roldan 0-0: Swinging Strike
0-1: Called Strike
0-2: Ball
1-2: Strikes out swinging
Top of the 1st over - 0 runs, 0 hits, 0 errors, 0 left on base; Louisiana State University 0 - Coastal Carolina University 0
BOTTOM OF THE 1ST
Coastal Carolina University Chanticleers batting - Pitching for Louisiana State University Tigers : RHP Mike Moore
Pitching: RHP Mike Moore
Batting: RHB Tristan Williams 0-0: Ball
1-0: Foul Ball, location: 2F
1-1: Called Strike
1-2: Foul Ball, location: 2F
1-2: Ball
2-2: Ground out 2-3 (Groundball, 15S, EV 73.8 MPH)
Batting: RHB Chris Marcellus 0-0: Ball
1-0: Ball
2-0: Called Strike
2-1: Foul Ball, location: 2F
2-2: Ball
3-2: Foul Ball, location: 2F
3-2: Foul Ball, location: 2F
3-2: Strikes out swinging
Batting: RHB Dennis Bennett 0-0: Called Strike
0-1: Ball
1-1: Called Strike
1-2: Strikes out swinging
Bottom of the 1st over - 0 runs, 0 hits, 0 errors, 0 left on base; Louisiana State University 0 - Coastal Carolina University 0
TOP OF THE 2ND
Louisiana State University Tigers batting - Pitching for Coastal Carolina University Chanticleers : LHP David Medina
Batting: RHB Winston Vasquez 0-0: Ball
1-0: Foul Ball, location: 2F
1-1: Called Strike
1-2: Ball
2-2: Strikes out swinging
Batting: RHB Keith Ashton 0-0: Foul Ball, location: 2F
0-1: Ground out 4-3 (Groundball, 4M, EV 109.4 MPH)
Batting: LHB Alex Morales 0-0: Ball
1-0: Ground out 4-3 (Groundball, 4, EV 105.0 MPH)
Top of the 2nd over - 0 runs, 0 hits, 0 errors, 0 left on base; Louisiana State University 0 - Coastal Carolina University 0
BOTTOM OF THE 2ND
Coastal Carolina University Chanticleers batting - Pitching for Louisiana State University Tigers : RHP Mike Moore
Batting: LHB Justin Sanders 0-0: Foul Ball, location: 2F
0-1: Foul Ball, location: 2F
0-2: Foul Ball, location: 2F
0-2: Ball
1-2: SINGLE (Flyball, 78S, EV 92.5 MPH)
Batting: RHB Isaac Washington 0-0: Called Strike
0-1: Fly out, F7 (Flyball, 7LM, EV 77.5 MPH)
Batting: LHB Orlando Hurtado 0-0: Ball
1-0: Called Strike
1-1: Swinging Strike
1-2: Foul Ball, location: 2F
1-2: Foul Ball, location: 2F
1-2: Strikes out swinging
Batting: RHB Tatsunori Ishigaki 0-0: Called Strike
0-1: Fielders Choice at 2nd, 6-4 (Groundball, 6, EV 102.5 MPH)
Bottom of the 2nd over - 0 runs, 1 hit, 0 errors, 1 left on base; Louisiana State University 0 - Coastal Carolina University 0
TOP OF THE 3RD
Louisiana State University Tigers batting - Pitching for Coastal Carolina University Chanticleers : LHP David Medina
Batting: RHB Alfredo Padilla 0-0: Ball
1-0: Foul Ball, location: 2F
1-1: Foul Ball, location: 2F
1-2: Strikes out looking
Batting: RHB David Dye 0-0: Ball
1-0: Ball
2-0: Foul Ball, location: 2F
2-1: Swinging Strike
2-2: Ball
3-2: Strikes out swinging
Batting: LHB Oscar Rivera 0-0: Called Strike
0-1: Called Strike
0-2: Ball
1-2: Foul Ball, location: 2F
1-2: Ground out 6-3 (Groundball, 6S, EV 88.8 MPH)
Top of the 3rd over - 0 runs, 0 hits, 0 errors, 0 left on base; Louisiana State University 0 - Coastal Carolina University 0
BOTTOM OF THE 3RD
Coastal Carolina University Chanticleers batting - Pitching for Louisiana State University Tigers : RHP Mike Moore
Batting: RHB Oscar Hernandez 0-0: Ball
1-0: Called Strike
1-1: Foul Ball, location: 2F
1-2: SINGLE (Groundball, 34D, EV 103.1 MPH)
Batting: LHB Jason Melek 0-0: Called Strike
0-1: Swinging Strike
0-2: Fielders Choice at 2nd, 4-6 (Groundball, 4, EV 86.9 MPH)
Batting: RHB Tristan Williams 0-0: Swinging Strike
0-1: Ball
1-1: Ball
2-1: Foul Ball, location: 2F
2-2: Fly out, F5 (Line Drive, 56, EV 70.6 MPH)
Batting: RHB Chris Marcellus 0-0: Ball
1-0: SINGLE (Groundball, 6MD, EV 94.4 MPH)
Jason Melek to second
Batting: RHB Dennis Bennett 0-0: Foul Ball, location: 2F
0-1: Swinging Strike
0-2: Foul Ball, location: 2F
0-2: Ball
1-2: Strikes out swinging
Bottom of the 3rd over - 0 runs, 2 hits, 0 errors, 2 left on base; Louisiana State University 0 - Coastal Carolina University 0
TOP OF THE 4TH
Louisiana State University Tigers batting - Pitching for Coastal Carolina University Chanticleers : LHP David Medina
Batting: RHB Peter Turcotte 0-0: Ball
1-0: Called Strike
1-1: Called Strike
1-2: Strikes out swinging
Batting: LHB Elijah Mallandain 0-0: Called Strike
0-1: Ball
1-1: Foul Ball, location: 2F
1-2: Ball
2-2: Strikes out swinging
Batting: RHB Leo Roldan 0-0: Called Strike
0-1: Fly out, F8 (Flyball, 8RD, EV 88.1 MPH)
Top of the 4th over - 0 runs, 0 hits, 0 errors, 0 left on base; Louisiana State University 0 - Coastal Carolina University 0
BOTTOM OF THE 4TH
Coastal Carolina University Chanticleers batting - Pitching for Louisiana State University Tigers : RHP Mike Moore
Batting: LHB Justin Sanders 0-0: Called Strike
0-1: Ball
1-1: Called Strike
1-2: Ball
2-2: Ball
3-2: Base on Balls
Batting: RHB Isaac Washington 0-0: Called Strike
0-1: SINGLE (Line Drive, 6MD, EV 96.9 MPH)
Justin Sanders to second
Batting: LHB Orlando Hurtado 0-0: Called Strike
0-1: Foul Ball, location: 2F
0-2: Ball
1-2: Foul Ball, location: 2F
1-2: Foul Ball, location: 2F
1-2: Ball
2-2: Strikes out looking
Batting: RHB Tatsunori Ishigaki 0-0: Called Strike
0-1: Ball
1-1: Foul Ball, location: 2F
1-2: Ball
2-2: Foul Ball, location: 2F
2-2: Ball
3-2: Base on Balls
Justin Sanders to third
Isaac Washington to second
Batting: RHB Oscar Hernandez 0-0: Called Strike
0-1: Called Strike
0-2: Ball
1-2: Strikes out looking
Pitching: RHP Chris Douglas
Batting: LHB Jason Melek 0-0: Ball
1-0: Ball
2-0: Called Strike
2-1: Ball
3-1: Ground out U3 (Groundball, 3S, EV 79.4 MPH)
Bottom of the 4th over - 0 runs, 1 hit, 0 errors, 3 left on base; Louisiana State University 0 - Coastal Carolina University 0
TOP OF THE 5TH
Louisiana State University Tigers batting - Pitching for Coastal Carolina University Chanticleers : LHP David Medina
Batting: RHB Winston Vasquez 0-0: Called Strike
0-1: Called Strike
0-2: Fly out, F9 (Flyball, 9, EV 85.0 MPH)
Batting: RHB Keith Ashton 0-0: Foul Ball, location: 2F
0-1: Swinging Strike
0-2: Ball
1-2: Ball
2-2: Ball
3-2: Foul Ball, location: 2F
3-2: Foul Ball, location: 2F
3-2: Strikes out swinging
Batting: LHB Alex Morales 0-0: Foul Ball, location: 2F
0-1: Ball
1-1: Ground out 4-3 (Groundball, 4, EV 98.8 MPH)
Top of the 5th over - 0 runs, 0 hits, 0 errors, 0 left on base; Louisiana State University 0 - Coastal Carolina University 0
BOTTOM OF THE 5TH
Coastal Carolina University Chanticleers batting - Pitching for Louisiana State University Tigers : RHP Chris Douglas
Batting: RHB Tristan Williams 0-0: Foul Ball, location: 2F
0-1: Swinging Strike
0-2: Ball
1-2: Ball
2-2: Ground out U3 (Groundball, 34, EV 84.4 MPH)
Batting: RHB Chris Marcellus 0-0: Foul Ball, location: 2F
0-1: Ball
1-1: Ground out 6-3 (Groundball, 6, EV 85.6 MPH)
Batting: RHB Dennis Bennett 0-0: Swinging Strike
0-1: Called Strike
0-2: Strikes out swinging
Bottom of the 5th over - 0 runs, 0 hits, 0 errors, 0 left on base; Louisiana State University 0 - Coastal Carolina University 0
TOP OF THE 6TH
Louisiana State University Tigers batting - Pitching for Coastal Carolina University Chanticleers : LHP David Medina
Batting: RHB Alfredo Padilla 0-0: Called Strike
0-1: Called Strike
0-2: Strikes out swinging
Batting: RHB David Dye 0-0: Called Strike
0-1: Foul Ball, location: 2F
0-2: Strikes out swinging
Batting: LHB Oscar Rivera 0-0: Called Strike
0-1: Ball
1-1: Ball
2-1: Swinging Strike
2-2: Strikes out swinging
Top of the 6th over - 0 runs, 0 hits, 0 errors, 0 left on base; Louisiana State University 0 - Coastal Carolina University 0
BOTTOM OF THE 6TH
Coastal Carolina University Chanticleers batting - Pitching for Louisiana State University Tigers : RHP Chris Douglas
Batting: LHB Justin Sanders 0-0: Foul Ball, location: 2F
0-1: Ball
1-1: Fly out, F9 (Flyball, 9D, EV 95.0 MPH)
Batting: RHB Isaac Washington 0-0: Ball
1-0: Ball
2-0: Foul Ball, location: 2F
2-1: Ball
3-1: Base on Balls
Batting: LHB Orlando Hurtado 0-0: Foul Ball, location: 2F
0-1: Grounds into double play, 4-6-3 (Groundball, 4, EV 92.5 MPH)
Bottom of the 6th over - 0 runs, 0 hits, 0 errors, 0 left on base; Louisiana State University 0 - Coastal Carolina University 0
TOP OF THE 7TH
Louisiana State University Tigers batting - Pitching for Coastal Carolina University Chanticleers : LHP David Medina
Batting: RHB Peter Turcotte 0-0: Ball
1-0: Foul Ball, location: 2F
1-1: Ground out 5-3 (Groundball, 56S, EV 81.2 MPH)
Batting: LHB Elijah Mallandain 0-0: Ball
1-0: Ball
2-0: Swinging Strike
2-1: Ball
3-1: Foul Ball, location: 2F
3-2: Ground out 4-3 (Groundball, 34D, EV 100.6 MPH)
Batting: RHB Leo Roldan 0-0: Ball
1-0: SINGLE (Line Drive, 8LS, EV 95.0 MPH)
Pitching: RHP Tony Jaggie
Pinch Hitting: LHB Manny Grado 0-0: Reached on error, E5 (Groundball, 5, EV 101.2 MPH)
Leo Roldan to second
Pinch Hitting: SHB Brian Caruso 0-0: Foul Ball, location: 2F
0-1: Called Strike
0-2: Ground out 4-3 (Groundball, 4S, EV 65.6 MPH)
Top of the 7th over - 0 runs, 1 hit, 1 error, 2 left on base; Louisiana State University 0 - Coastal Carolina University 0
BOTTOM OF THE 7TH
Coastal Carolina University Chanticleers batting - Pitching for Louisiana State University Tigers : RHP Chris Douglas
Now at 2B: Michael Maier
Now at 3B: Bernie Benavides
Pinch Hitting: LHB Nate Kokx 0-0: Ground out 6-3 (Groundball, 6, EV 81.9 MPH)
Batting: LHB Ramelan Nasution 0-0: Called Strike
0-1: Called Strike
0-2: Strikes out looking
Batting: LHB Jason Melek 0-0: Called Strike
0-1: Swinging Strike
0-2: Foul Ball, location: 2F
0-2: Strikes out looking
Bottom of the 7th over - 0 runs, 0 hits, 0 errors, 0 left on base; Louisiana State University 0 - Coastal Carolina University 0
TOP OF THE 8TH
Louisiana State University Tigers batting - Pitching for Coastal Carolina University Chanticleers : RHP Tony Jaggie
Now at SS: Ferri Casteleijn
Batting: LHB Alex Morales 0-0: Ball
1-0: Ball
2-0: Called Strike
2-1: Ball
3-1: Base on Balls
Pinch Hitting: RHB Stewart Walker 0-0: Ball
1-0: Sac Bunt to 3S - play at first, batter OUT! 3-4
Alex Morales to second
Pinch Hitting: RHB Byung-hee Jee 0-0: Intentional Walk
Pinch Hitting: RHB Zachary Acker 0-0: Fly out, F9 (Flyball, 89S, EV 91.9 MPH)
Pinch Hitting: LHB Jon Valdez 0-0: Called Strike
0-1: Ball
1-1: Foul Ball, location: 2F
1-2: Ball
2-2: Ball
3-2: Strikes out swinging
Top of the 8th over - 0 runs, 0 hits, 0 errors, 2 left on base; Louisiana State University 0 - Coastal Carolina University 0
BOTTOM OF THE 8TH
Coastal Carolina University Chanticleers batting - Pitching for Louisiana State University Tigers : RHP Chris Douglas
Pitching: RHP Brian Hilbert
Now at C: David Olivarez
Now at 1B: Pete Roberts
Now at SS: Steve McCoig
Now in RF: Elvin Ruffolo
Batting: RHB Tristan Williams 0-0: Foul Ball, location: 2F
0-1: Foul Ball, location: 2F
0-2: Foul Ball, location: 2F
0-2: Foul Ball, location: 2F
0-2: Ball
1-2: Foul Ball, location: 2F
1-2: Foul Ball, location: 2F
1-2: Ground out 1-3 (Groundball, 25, EV 73.8 MPH)
Pinch Hitting: RHB Chris McDaniel 0-0: Ball
1-0: Fly out, F8 (Flyball, 89S, EV 91.9 MPH)
Pinch Hitting: LHB Justin Kaller 0-0: Ball
1-0: Fly out, F4 (Line Drive, 4, EV 66.2 MPH)
Bottom of the 8th over - 0 runs, 0 hits, 0 errors, 0 left on base; Louisiana State University 0 - Coastal Carolina University 0
TOP OF THE 9TH
Louisiana State University Tigers batting - Pitching for Coastal Carolina University Chanticleers : RHP Tony Jaggie
Pitching: RHP Oscar Fajardo
Now in LF: Iher Waithaka
Now in RF: Chris McDaniel
Pinch Hitting: SHB Paul Blaylock 0-0: Called Strike
0-1: Foul Ball, location: 2F
0-2: Ball
1-2: Foul Ball, location: 2F
1-2: Ball
2-2: Ball
3-2: Ground out 5-3 (Groundball, 5, EV 88.8 MPH)
Batting: LHB John Carter 0-0: Foul Ball, location: 2F
0-1: Ground out 6-3 (Groundball, 56, EV 88.1 MPH)
Pinch Hitting: LHB Earl Silver 0-0: Swinging Strike
0-1: Swinging Strike
0-2: Strikes out looking
Top of the 9th over - 0 runs, 0 hits, 0 errors, 0 left on base; Louisiana State University 0 - Coastal Carolina University 0
BOTTOM OF THE 9TH
Coastal Carolina University Chanticleers batting - Pitching for Louisiana State University Tigers : RHP Brian Hilbert
Now at 2B: Mike Catalano
Now in LF: Jake Garza
Batting: LHB Justin Sanders 0-0: Ball
1-0: Ball
2-0: Ball
3-0: Called Strike
3-1: Base on Balls
Pinch Hitting: RHB Mike Grogan 0-0: Called Strike
Balk!
Justin Sanders to second
0-1: SINGLE (Groundball, 6MD, EV 98.8 MPH)
Justin Sanders to third
Pinch Hitting: RHB Justin Klein 0-0: Called Strike
0-1: Ball
1-1: Foul Ball, location: 2F
1-2: 3-RUN HOME RUN (Flyball, 7D, EV 97.5 MPH), Distance : 377 ft
Bottom of the 9th over - 3 runs, 2 hits, 0 errors, 0 left on base; Louisiana State University 0 - Coastal Carolina University 3
Sunday, July 16th , 2023 - OOTP Baseball 24.6 Build 69